 Dungeon Crawl Stone Soup version 0.27.1 (webtiles) character file.

Game seed: 5806378073901934618

237 pkoi the Ruffian (level 5, -4/48 HPs)
             Began as a Troll Gladiator on Aug 29, 2021.
             Was a Believer of Fedhas.
             Slain by an ice beast (10 damage)
             ... on level 5 of the Dungeon.
             The game lasted 00:03:54 (2416 turns).

pkoi the Ruffian (Troll Gladiator)                  Turns: 2416, Time: 00:03:55

Health: -4/48      AC:  5    Str: 23    XL:     5   Next: 77%
Magic:  5/5        EV:  7    Int:  4    God:    Fedhas [**....]
Gold:   136        SH: 10    Dex: 11    Spells: 4/4 levels left

rFire    . . .     SeeInvis .     - Unarmed
rCold    . . .     Faith    .   i - +2 kite shield
rNeg     . . .     Spirit   .   a - +0 robe
rPois    .         Reflect  .   b - +1 hat
rElec    .         Harm     .   (no cloak)
rCorr    .         Rampage  .   (gloves unavailable)
Will     .....                  (boots unavailable)
Stlth    +.........             (no amulet)
HPRegen  1.16/turn              (no ring)
MPRegen  0.09/turn              (no ring)

@: no status effects
A: large, unfitting armour, claws 3, regeneration 1, shaggy fur 1, tough skin 1
a: Renounce Religion, Wall of Briars


You were on level 5 of the Dungeon.
You worshipped Fedhas.
Fedhas was pleased with you.
You visited 1 branch of the dungeon, and saw 5 of its levels.

You collected 136 gold pieces.

Inventory:

Missiles
 c - 3 throwing nets (quivered)
Armour
 a - a +0 robe (worn)
 b - a +1 hat (worn)
 i - a +2 kite shield (worn)
Jewellery
 j - a +6 ring of strength
 k - a ring of see invisible
 o - an amulet of faith
Scrolls
 d - 2 scrolls of identify
 e - a scroll of summoning {unknown}
 f - 6 scrolls of teleportation
 g - a scroll of fog
Potions
 h - 2 potions of cancellation
 l - a potion of curing
 m - a potion of heal wounds {unknown}
 n - a potion of attraction


   Skills:
 - Level 1.5 Fighting
 - Level 1.7 Throwing
 + Level 2.7 Dodging
 + Level 1.0 Shields
 * Level 5.6 Unarmed Combat
 * Level 1.9 Invocations


You had 4 spell levels left.
You didn't know any spells.
Your spell library contained the following spells:

 Spells                   Type           Power      Damage    Failure   Level
 Sandblast                Erth           0%         2d4       97%         1
 Passwall                 Tmut/Erth      0%         N/A       99%         2
 Frozen Ramparts          Ice            0%         1d2       100%        3
 Ice Form                 Ice/Tmut       0%         N/A       100%        4
 Summon Ice Beast         Ice/Summ       0%         N/A       100%        4
 Lee's Rapid Deconstruct  Erth           0%         3d5*      100%        5


Dungeon Overview and Level Annotations

Branches:
Dungeon (5/15)
 Temple: D:4-7

Altars:
Fedhas
Gozag
Hepliaklqana
Kikubaaqudgha
Uskayaw
The Shining One

Shops:
D:2 (*==

Annotations:
D:3 2 transporters, ProfFrink's ghost, amateur MiFi


Innate Abilities, Weirdness & Mutations

You are too large for most types of armour.
You have claws for hands.
Your natural rate of healing is unusually fast.
You are covered in fur. (AC +1)
You have tough skin. (AC +1)


Message History

You closely miss the ice beast.
The ice beast is moderately wounded.
The ice beast hits you. The ice beast freezes you.
You closely miss the ice beast.
The ice beast is moderately wounded.
You block the ice beast's attack.
You barely miss the ice beast.
The ice beast is moderately wounded.
The ice beast hits you. The ice beast freezes you!
You scratch the ice beast but do no damage.
The ice beast is moderately wounded.
The ice beast hits you. The ice beast freezes you!
* * * LOW HITPOINT WARNING * * *
You claw the ice beast!
The ice beast is severely wounded.
The ice beast hits you.
* * * LOW HITPOINT WARNING * * *
The ice beast freezes you!
* * * LOW HITPOINT WARNING * * *
You block the ice beast's attack.
You scratch the ice beast.
The ice beast is almost dead.
You block the ice beast's attack.
You closely miss the ice beast.
The ice beast is almost dead.
The ice beast hits you.
* * * LOW HITPOINT WARNING * * *
The ice beast freezes you.
* * * LOW HITPOINT WARNING * * *
Unknown command.
Your shield prevents you from hitting the ice beast.
The ice beast is almost dead.
You block the ice beast's attack.
You closely miss the ice beast.
The ice beast is almost dead.
The ice beast hits you.
* * * LOW HITPOINT WARNING * * *
The ice beast freezes you!
You die...
Fedhas appreciates your contribution to the ecosystem.

.# .# #
..
#.##.##
.#...
... #Y#
#@# #.#
#.# #.#
#.# #<#
#.# ###


You could see an ice beast.

Vanquished Creatures
  A bullfrog (D:4)
  An orc priest (D:4)
  Jessica (D:2)
  6 adders
  2 dart slugs
  6 orcs
  5 ball pythons
  7 endoplasms
  A giant cockroach (D:4)
  3 goblins
  3 hobgoblins (D:4)
  8 kobolds
  A quokka (D:1)
  4 bats
  5 frilled lizards
  4 rats
58 creatures vanquished.

Notes
Turn   | Place    | Note
-------+----------+-------------------------------------------
     0 | D:1      | pkoi the Troll Gladiator began the quest for the Orb.
     0 | D:1      | Reached XP level 1. HP: 19/19 MP: 0/0
   132 | D:1      | Reached XP level 2. HP: 27/27 MP: 1/1
   530 | D:1      | Reached skill level 4 in Unarmed Combat
   702 | D:2      | Found Zupoxzo's Jewellery Shoppe.
   744 | D:2      | Found an opulent altar of Gozag.
   747 | D:2      | Found Weowoag's Jewellery Boutique.
   752 | D:2      | Noticed Jessica
   766 | D:2      | Killed Jessica
   767 | D:2      | Reached XP level 3. HP: 33/33 MP: 2/2
   832 | D:2      | Found a faded altar of an unknown god.
   839 | D:2      | Reached skill level 5 in Unarmed Combat
   839 | D:2      | Reached XP level 4. HP: 41/41 MP: 3/3
   845 | D:2      | Became a worshipper of Fedhas Madash
   845 | D:2      | Reached * piety under Fedhas
   851 | D:2      | Found Nost's Antique Weapon Shoppe.
   856 | D:2      | Found Dujerghu's Assorted Antiques.
  1346 | D:3      | Found a transporter.
  1365 | D:3      | Noticed ProfFrink's ghost (amateur MiFi)
  1378 | D:3      | Found a transporter.
  1566 | D:3      | Found a hazy altar of Hepliaklqana.
  1580 | D:3      | Found an ancient bone altar of Kikubaaqudgha.
  1605 | D:3      | Found a hide-covered altar of Uskayaw.
  1876 | D:4      | Found a glowing golden altar of the Shining One.
  1976 | D:4      | Found the +8 frozen axe "Frostbite" {freezing cloud, *Noise
                  | Fly rC+}
  2129 | D:3      | Reached skill level 1 in Invocations
  2159 | D:4      | Reached XP level 5. HP: 48/48 MP: 4/4
  2341 | D:4      | Reached ** piety under Fedhas
  2355 | D:4      | Reached skill level 1 in Shields
  2401 | D:5      | Entered Level 5 of the Dungeon
  2402 | D:5      | Noticed an ice beast
  2416 | D:5      | Slain by an ice beast

Illustrated notes

Levels and vault maps discovered:
D:1:      amcnicky_arrival_double_pillar, layout_loops_ring
D:2:      layout_basic, shapermc_ecumenical_altar_acropolis, basic_altar,
          serial_shops, nicolae_shop_waterfront,
          nicolae_shop_temple_entry_statues_fountains,
          nicolae_shop_behind_doors, shop, ebering_dispersal_statue_hall,
          corner_web_ring, uniq_jessica
D:3:      layout_rooms, nicolae_uskayaw_suspiria, mainiacjoe_overflow_big_doors,
          serial_aquarium, aquarium_bridge_square [aquarium_subvault_wall,
          aquarium_subvault_bridge, aquarium_subvault_wall,
          aquarium_subvault_bridge], aquarium_window_1, aquarium_window_corner,
          aquarium_view_2b, gammafunk_ghost_stat_death
D:4:      minmay_clustersquares, layout_basic, mainiacjoe_overflow_24_doors,
          grunt_decor_one_mirror
D:5:      layout_basic, mainiacjoe_overflow_small_starburst,
          lemuel_doored_altar, minmay_crystal_water, roderic_batcave,
          wad_floor_pattern_2, minmay_chambers_of_fives, uniq_eustachio,
          uniq_blork_the_orc

Skill      XL: |  1  2  3  4  5 |
---------------+----------------+-----
Unarmed Combat | 4 5 |  5.6
Invocations    | 1 |  1.9
Shields        | 1 |  1.0
Fighting       | |  1.5
Throwing       | |  1.7
Dodging        | |  2.7

Action                   |  1- 3 |  4- 6 || total
-------------------------+-------+-------++-------
Melee: Unarmed           |    78 |    96 ||   174
       Punch             |       |     1 ||     1
  Use: Scroll            |       |     9 ||     9
 Stab: Sleeping          |       |     1 ||     1
Armor: Robe              |    16 |    27 ||    43
Dodge: Dodged            |    42 |    27 ||    69
Block: Kite shield       |       |    27 ||    27
